 Dungeon Crawl Stone Soup version 0.29-a0-2-g12fcac58f8 (webtiles) character file.

Game seed: 1375243997022624060

103 enile the Magician (level 5, -7/38 HPs)
             Began as a Djinni Ice Elementalist on Jan 26, 2022.
             Was a Believer of Qazlal.
             Killed from afar by an orc wizard (10 damage)
             ... with a magic dart
             ... on level 2 of the Dungeon.
             The game lasted 00:06:00 (3020 turns).

enile the Magician (Djinni Ice Elementalist)        Turns: 3020, Time: 00:06:01

Health: -7/38      AC:  2    Str:  7    XL:     5   Next: 6%
Gold:   57         EV: 13    Int: 18    God:    Qazlal [**....] SH:  3 Dex: 20

rFire   + + .      SeeInvis .   u - +2 hand axe (elec)
rCold   . . .      Faith    .   (no shield)
rNeg    . . .      Spirit   .   a - +0 robe
rPois   ∞          Reflect  .   (no helmet)
rElec   .          Harm     .   (no cloak)
rCorr   .          Rampage  .   (no gloves)
Will    .....                   (boots unavailable)
Stlth   ++........              (no amulet)
HPRegen 0.12/turn               c - ring of protection from cold
MPRegen 0.00/turn               t - +6 ring of dexterity

@: flying, hasted, very quick
A: sickness immunity, fire resistance 2, cold vulnerability 1, float, innate
caster, hp casting, extra vitality 1
a: Renounce Religion, Upheaval


You were on level 2 of the Dungeon.
You worshipped Qazlal.
Qazlal was pleased with you.
You visited 1 branch of the dungeon, and saw 3 of its levels.

You collected 90 gold pieces.
You spent 33 gold pieces at shops.

Inventory:

Hand Weapons
 m - a +0 short sword
 u - a +2 hand axe of electrocution (weapon)
Missiles
 b - 7 boomerangs
 v - 5 curare-tipped darts
Armour
 a - a +0 robe (worn)
 d - a +0 ring mail
 p - a +0 leather armour
Jewellery
 c - a ring of protection from cold (left hand)
 t - a +6 ring of dexterity (right hand)
Scrolls
 g - a scroll of immolation {unknown}
 i - a scroll of identify {unknown}
 l - a scroll of magic mapping {unknown}
 o - a scroll of fog {unknown}
 r - a scroll of amnesia {unknown}
 s - a scroll of torment {unknown}
Potions
 e - a potion of heal wounds {unknown}
 f - a potion of haste
 h - a potion of mutation {unknown}
 j - a potion of resistance {unknown}
 k - a potion of berserk rage {unknown}
 n - a potion of cancellation
 q - a potion of flight {unknown}
 w - a potion of might {unknown}


   Skills:
 + Level 2.2 Fighting
 - Level 3.0 Dodging
 - Level 1.8 Stealth
 - Level 4.0 Spellcasting


You couldn't memorise any spells.
You knew the following spells:

 Your Spells              Type           Power      Damage    Failure   Level
a - Freeze                Ice            72%        1d9       2%          1
b - Frozen Ramparts       Ice            36%        1d5       9%          3
c - Ozocubu's Armour      Ice            18%        N/A       9%          3
d - Hailstorm             Conj/Ice       18%        3d6       28%         4
e - Summon Small Mammal   Summ           72%        N/A       2%          1
f - Poisonous Vapours     Pois/Air       36%        N/A       4%          2
Your spell library was empty.

Dungeon Overview and Level Annotations

Branches:
Dungeon (3/15)

Altars:
Kikubaaqudgha
Qazlal
Trog

Shops:
D:3 (


Innate Abilities, Weirdness & Mutations

You are immune to sickness and miasma.
You are immune to poison.
Your flesh is very heat resistant. (rF++)
You are vulnerable to cold. (rC-)
You float through the air rather than walking.
You learn spells naturally, not from books.
Your magical power is your life essence.
You have superior vitality. (+4 MHP)


Message History

You are too confused!
There are monsters nearby!
There are monsters nearby!
You're too confused to cast spells.
You're too confused to move!
The orc wizard hits you with a +2 dagger of venom.
You miss the orc wizard.
The orc wizard is moderately wounded.
The orc wizard hits you with a +2 dagger of venom.
Okay, then.
You miss the orc wizard.
The orc wizard is moderately wounded.
The orc wizard barely misses you.
You miss the orc wizard.
The orc wizard is moderately wounded.
The orc wizard hits you with a +2 dagger of venom.
The orc wizard points at you and mumbles some strange words.
The magic dart hits you!
* * * LOW HITPOINT WARNING * * *
You bump into the rock wall.
The orc wizard points at you and mumbles some strange words.
The magic dart hits you.
* * * LOW HITPOINT WARNING * * *
The orc wizard hits you with a +2 dagger of venom.
* * * LOW HITPOINT WARNING * * *
You fly upwards.
You feel less confused.
There is a stone staircase leading down here.
It was a potion of cancellation.
You feel magically purged. The orc wizard barely misses you.
Casting: Poisonous Vapours (safe; 4% risk of failure)
Confirm with . or Enter, or press ? or * to list all spells.
Okay, then.
Casting: Poisonous Vapours (safe; 4% risk of failure)
Confirm with . or Enter, or press ? or * to list all spells.
Okay, then.
It was a potion of haste.
You feel yourself speed up. The orc wizard casts a spell at you.
The magic dart hits you!
You die...

######## .......#
######.# # #.# # #.#
##### ######.# #...#
.......# ###...###
#####..# #@o.....######
#####..# #............#
....#.## #.......####.#
###.#.# ###...###
#.##### #.#.# #...#
#.†.... ###.#.#######
##.## #######
............#
##.#############
..###..####.#
#...............
.......#
#.######..############.


You could see an orc wizard.

Vanquished Creatures
  4 adders
  2 dart slugs
  2 orcs (D:3)
  4 bats
  7 endoplasms
  3 giant cockroaches
  7 goblins
  7 hobgoblins
  3 jackals (D:3)
  3 kobolds
  3 quokkas
  6 ball pythons
  4 frilled lizards (D:2)
  A rat (D:2)
56 creatures vanquished.

Notes
Turn   | Place    | Note
-------+----------+-------------------------------------------
     0 | D:1      | enile the Djinni Ice Elementalist began the quest for the
                  | Orb.
     0 | D:1      | Reached XP level 1. HP: 15/15 MP: 0/0
   531 | D:1      | Reached XP level 2. HP: 18/21 MP: 0/0
   576 | D:1      | Found a faded altar of an unknown god.
   631 | D:1      | Prayed at the altar of an unknown god.
   631 | D:1      | Became a worshipper of Qazlal Stormbringer
   631 | D:1      | Reached * piety under Qazlal
   774 | D:1      | Reached skill level 1 in Fighting
  1251 | D:2      | Reached XP level 3. HP: 25/28 MP: 0/0
  1251 | D:2      | Learned a level 1 spell: Summon Small Mammal
  1982 | D:2      | Reached XP level 4. HP: 32/33 MP: 0/0
  2406 | D:3      | Reached ** piety under Qazlal
  2627 | D:3      | Reached skill level 4 in Spellcasting
  2771 | D:3      | Found Orou's Weapon Boutique.
  2796 | D:3      | Bought 5 curare-tipped darts for 33 gold pieces
  2860 | D:3      | Found a bloodstained altar of Trog.
  2873 | D:3      | Reached XP level 5. HP: 29/38 MP: 0/0
  2873 | D:3      | Learned a level 2 spell: Poisonous Vapours
  3020 | D:2      | Killed from afar by an orc wizard

Illustrated notes

Levels and vault maps discovered:
D:1:      psy_arrival_conway, layout_basic, shapermc_ecumenical_altar_ellora,
          serial_corexii_hall, corexii_hall_statues_l, corexii_hall_statues_i,
          minmay_close_crescents
D:2:      layout_loops_ring, grunt_decor_junction
D:3:      layout_rooms, kiku_gazebo_pond_becter, mainiacjoe_overflow_boulevard,
          serial_shops, shop

Skill      XL: |  1  2  3  4 |
---------------+-------------+-----
Fighting       | 2 |  2.2
Spellcasting   | 4 |  4.0
Dodging        | 3 |  3.0
Stealth        | |  1.8

Action                   |  1- 3 |  4- 6 || total
-------------------------+-------+-------++-------
Melee: Unarmed           |    15 |       ||    15
       Short sword       |       |     3 ||     3
       Hand axe          |       |    14 ||    14
 Cast: Freeze            |    45 |    31 ||    76
       Summon Small Mamm |     2 |       ||     2
       Ozocubu's Armour  |     1 |       ||     1
       Poisonous Vapours |       |     1 ||     1
  Use: Potion            |       |     2 ||     2
Armor: Robe              |    13 |     4 ||    17
Dodge: Dodged            |    35 |    31 ||    66
Block: Other             |     1 |     6 ||     7

Table legend: (Time is in decaauts)
 A = Elapsed time spent in this place.
 B = Non-inter-level travel time spent in this place.
 C = Inter-level travel time spent in this place.
 D = Time resting spent in this place.
 E = Time spent auto-exploring this place.
 F = Levels seen in this place.
 G = Mean time per level.
                   A        B        C        D        E       F      G
               +--------+--------+--------+--------+--------+-----+--------+
         Total |   3022 |   2900 |    122 |      0 |   2528 |   3 | 1007.3 |
       Dungeon |   3022 |   2900 |    122 |      0 |   2528 |   3 | 1007.3 |
               +--------+--------+--------+--------+--------+-----+--------+

Top non-repeatable levels by time:
     D:1: 1248 daAuts
     D:2: 1106 daAuts
     D:3: 668 daAuts
